 Dungeon Crawl Stone Soup version 0.27-a0-535-g7eaf864cf9 (webtiles) character file.

Game seed: 16970353788847066459

73 Grindewald the Vexing (level 4, -2/19 HPs)
             Began as a Felid Enchanter on Mar 6, 2021.
             Slain by a phantom (9 damage)
             ... on level 4 of the Dungeon.
             The game lasted 00:18:32 (5036 turns).

Grindewald the Vexing (Felid Enchanter)             Turns: 5036, Time: 00:18:33

Health: -2/19      AC:  1    Str:  4    XL:     4   Next: 8%
Magic:  5/8        EV: 18    Int: 17    God:
Gold:   167        SH:  0    Dex: 16    Spells: 2/8 levels left
                                        Lives:  0   Deaths: 1

rFire    . . .     SeeInvis +     - Unarmed
rCold    . . .     Faith    .   (shield unavailable)
rNeg     . . .     Spirit   .   (armour unavailable)
rPois    .         Reflect  .   (helmet unavailable)
rElec    .         Harm     .   (cloak unavailable)
rCorr    .         Rampage  .   (gloves unavailable)
Will     .....                  (boots unavailable)
Stlth    +++.......             (no amulet)
HPRegen  0.06/turn              e - ring of flight
MPRegen  0.11/turn              (no ring)

@: confusing by touch, quick
A: very small, claws 1, fangs 3, see invisible, speed 1, shaggy fur 1, stealthy
paws, no weapons or thrown items, no armour, multi-lived
a: Evoke Flight


You were on level 4 of the Dungeon.
You visited 1 branch of the dungeon, and saw 4 of its levels.

You collected 167 gold pieces.

Inventory:

Jewellery
 e - a ring of flight (left paw)
Wands
 i - a wand of charming (6)
Scrolls
 a - 2 scrolls of teleportation {unknown}
 b - 4 scrolls of identify {unknown}
 h - a scroll of amnesia {unknown}
 j - a scroll of enchant armour {unknown}
 l - a scroll of fear {unknown}
 m - a scroll of magic mapping {unknown}
Potions
 c - 2 potions of curing {unknown}
 d - a potion of haste {unknown}
 f - a potion of attraction {unknown}
 g - 2 potions of mutation {unknown}
 k - a potion of heal wounds {unknown}
 n - a potion of lignification {unknown}


   Skills:
 + Level 1.5 Fighting
 + Level 3.7 Dodging
 + Level 4.8 Stealth
 + Level 2.0 Unarmed Combat
 + Level 2.5 Spellcasting
 + Level 5.2 Hexes


You had 2 spell levels left.
You knew the following spells:

 Your Spells              Type           Power      Damage    Failure   Level
a - Corona                Hex            22%        N/A       2%          1
b - Ensorcelled Hibernat  Hex/Ice        22%        N/A       10%         2
c - Confusing Touch       Hex            20%        N/A       6%          3

Your spell library contained the following spells:

 Spells                   Type           Power      Damage    Failure   Level
 Tukima's Dance           Hex            20%        N/A       6%          3
 Dazzling Flash           Conj/Hex       22%        N/A       19%         3


Dungeon Overview and Level Annotations

Branches:
Dungeon (4/15)
 Temple: D:4-7

Altars:
Makhleb


Innate Abilities, Weirdness & Mutations

You have sharp claws.
You have razor-sharp teeth.
You have supernaturally acute eyesight. (SInv)
You cover ground quickly. (Speed+)
You are covered in fur. (AC +1)
Your stealthy paws help you sneak and pounce on unaware monsters.
You are incapable of wielding weapons or throwing items.
You cannot wear armour.
You gain extra lives every three experience levels.


Message History

You kill the rat!
No target in view!
You see here a rat corpse.
You see here a rat corpse.
Found a ring mail and 4 curare-tipped darts.
Done exploring.
Done exploring.
You see here a +0 ring mail.
You see here 4 curare-tipped darts.
Things that are here:
a +5 mace; an orc corpse
There is a stone staircase leading down here.
You climb downwards.
There is a stone staircase leading up here.
You now have 156 gold pieces (gained 12).
Found a stone staircase leading down.
Found an escape hatch in the ceiling.
You now have 167 gold pieces (gained 11).
Found a stone staircase leading up.
A phantom comes into view.
You see here a glowing yellow potion.
A phantom is nearby!
The helpless phantom fails to defend itself.
You claw the phantom!
The phantom is severely damaged.
You see here a glowing yellow potion.
Casting: Ensorcelled Hibernation (safe; 10% risk of failure)
Confirm with . or Enter, or press ? or * to list all spells.
The spell is quite dangerous to cast (6% risk of failure)!
Continue anyway?
Your paws begin to glow red.
You scratch the phantom but do no damage.
The phantom is severely damaged.
The phantom barely misses you.
You scratch the phantom but do no damage.
The phantom is severely damaged.
The phantom hits you.
You barely miss the phantom.
The phantom is heavily damaged.
The phantom misses you.
You scratch the phantom but do no damage.
You bite the phantom, but do no damage.
The phantom is heavily damaged.
The phantom hits you.
You closely miss the phantom.
The phantom is heavily damaged.
The phantom hits you!
The phantom blinks!
You blink.
You barely miss the phantom.
The phantom is heavily damaged.
The phantom hits you!
You die...

..$.... ..#######..<.#
..........#.##
##............##
##..............#
#...........##...# .
#.........!.# #.....
#...W..ยง..# ...#..
#....@....#####.#.^
######............#
#............#
.#..........<.#
#....>..........
#####.#..#..#...
####......####.
###########..............
.......<.................


You could see a phantom.

Vanquished Creatures
  3 adders
  2 oozes
  2 worms
  4 dart slugs (D:2)
  5 orcs
  2 ball pythons
  3 giant cockroaches
  9 hobgoblins
  12 bats
  6 frilled lizards
  10 goblins
  7 kobolds
  8 rats
73 creatures vanquished.

Notes
Turn   | Place    | Note
-------+----------+-------------------------------------------
     0 | D:1      | Grindewald the Felid Enchanter began the quest for the Orb.
     0 | D:1      | Reached XP level 1. HP: 7/7 MP: 4/4
   939 | D:1      | Reached XP level 2. HP: 11/11 MP: 6/6
   945 | D:1      | Learned a level 2 spell: Ensorcelled Hibernation
  1640 | D:1      | Reached XP level 3. HP: 15/15 MP: 1/7
  1644 | D:1      | Learned a level 3 spell: Confusing Touch
  2253 | D:2      | Reached skill level 1 in Fighting
  2479 | D:2      | Reached skill level 5 in Hexes
  2926 | D:3      | Reached XP level 4. HP: 17/19 MP: 3/8
  3636 | D:2      | Killed from afar by an orc wizard
  3637 | D:2      | Reached XP level 3. HP: -1/13 MP: 0/7
  4098 | D:3      | Found a burning altar of Makhleb.
  4603 | D:3      | Reached XP level 4. HP: 19/19 MP: 8/8
  5020 | D:4      | Noticed a phantom
  5036 | D:4      | Slain by a phantom

Illustrated notes

Levels and vault maps discovered:
D:1:      onia_arrival_pyramid, layout_loops_ring
D:2:      layout_rooms
D:3:      layout_basic, bloody_makhleb
D:4:      layout_rooms

Skill      XL: |  1  2  3 |
---------------+----------+-----
Dodging        | 3 |  3.7
Fighting       | 1 |  1.5
Hexes          | 5 |  5.2
Unarmed Combat | 2 |  2.0
Stealth        | |  4.8
Spellcasting   | |  2.5

Action                   |  1- 3 |  4- 6 || total
-------------------------+-------+-------++-------
Melee: Unarmed           |   154 |    39 ||   193
       Bite              |     9 |     3 ||    12
       Punch             |     1 |       ||     1
 Cast: Corona            |    11 |       ||    11
       Ensorcelled Hiber |    52 |    19 ||    71
       Confusing Touch   |     4 |     3 ||     7
 Stab: Sleeping          |    41 |    12 ||    53
       Confused          |     2 |     1 ||     3
Armor: Skin              |     4 |       ||     4
Dodge: Dodged            |    95 |    33 ||   128

Table legend: (Time is in decaauts)
 A = Elapsed time spent in this place.
 B = Non-inter-level travel time spent in this place.
 C = Inter-level travel time spent in this place.
 D = Time resting spent in this place.
 E = Time spent auto-exploring this place.
 F = Levels seen in this place.
 G = Mean time per level.
                   A        B        C        D        E       F      G
               +--------+--------+--------+--------+--------+-----+--------+
         Total |   4539 |   4418 |    121 |    729 |   2210 |   4 | 1134.8 |
       Dungeon |   4539 |   4418 |    121 |    729 |   2210 |   4 | 1134.8 |
               +--------+--------+--------+--------+--------+-----+--------+

Top non-repeatable levels by time:
     D:1: 1952 daAuts
     D:3: 1320 daAuts
     D:2: 1233 daAuts
     D:4: 33 daAuts
